Description

A solid consistent opener which gives high respect to your opponent.

Build Order

Get SALT Encoding   

  14  0:17  Pylon  
  16  0:37  Gateway  Chrono Probes
  17  0:46  Assimilator  Rally
  19  1:05  Assimilator  Chrono Probes
  20  1:13  Gateway  Rally
  21  1:24  Cybernetics Core  
  22  1:34  Pylon  
  24  2:00  Adept x2  
  29  2:08  Pylon  
  29  2:20  Stargate  
  29  2:32  Stalker  
  31  2:40  Stalker  
  33  2:55  Nexus  2 Batteries
Spawning Tool Build Advisor. Get it on Overwolf

Analysis

Basically if you get away without taking damage as a stargate it's good.

Proxy dark shrine should never be your concern with stargate, you have an oracle to scout for it and use it for detection as well. Stargate openers are the best in PvsP, but are the most vulnerable. You can die to lots of 1 base all ins or even 2 base timing attacks with blink if you don't do your build correctly.

Response to 3gate robo/proxy robo: 2 gate stargate, void ray production with stalkers, lots of batteries on the lowground

Response to twilight council: if you see twilight council, you have enough time to make a robo after stargate

Go to:

Details

  • Created by: Woohoojin
  • Published on: Apr 21, 2026
  • Modified on: Apr 21, 2026
  • Patch: 5.0.11
  • Difficulty: Easy
Show
View Real Time Build Order
Export as new Build Order

Comments (0)

There are no comments. Be the first!

Create an account to comment!